 Dungeon Crawl Stone Soup version 0.32-a0-913-g739538afd8 (webtiles) character file.

Game seed: 4133324658106154163

248 Biggs the Changeling (level 6, -4/57 HPs)
             Began as an Octopode Shapeshifter on Apr 9, 2024.
             Slain by an orc
             ... wielding a +0 hand axe
              (5 damage)
             ... on level 3 of the Dungeon.
             The game lasted 00:03:13 (1612 turns).

Biggs the Changeling (Octopode Shapeshifter)        Turns: 1612, Time: 00:03:14

Health: -4/57      AC: 23    Str: 15    XL:     6   Next: 12%
Magic:  6/6        EV:  2    Int: 12    God:
Gold:   80         SH:  0    Dex: 12    Spells: 5/5 levels left

rFire   . .          .
                       - Unarmed
rCold   . . .        (no shield)
rNeg    . . .        (helmet currently unavailable)
rPois   +            (no amulet)
rElec   .            (no ring)
rCorr   .            (no ring)
SInv    .            (no ring)
Will    .....        (no ring)
Stlth   +            (no ring)
HPRegen 0.29/turn    (no ring)
MPRegen 0.10/turn    (no ring)
                     (no ring)

%: no passive effects
@: tree-form
A: stationary, stasis, torment immunity, boosted hp, almost no armour,
(amphibious), 8 rings, (camouflage 1), (gelatinous body 1), (nimble swimmer 1),
(tentacles)
a: no special abilities


You were on level 3 of the Dungeon.
You were a tree.
You visited 1 branch of the dungeon, and saw 3 of its levels.

You collected 80 gold pieces.

Inventory:

Missiles
 e - a throwing net (quivered)
Talismans
 b - a beast talisman (active)
 c - a flux talisman
 h - a maw talisman
Scrolls
 d - a scroll of immolation {unknown}
 i - a scroll of butterflies {unknown}
 j - a scroll of fog {unknown}
Potions
 f - a potion of heal wounds {unknown}
 g - 2 potions of curing {unknown}


   Skills:
 - Level 1.0 Fighting
 - Level 2.0 Dodging
 - Level 3.0 Unarmed Combat
 + Level 6.2 Shapeshifting


You had 5 spell levels left.
You didn't know any spells.
Your spell library was empty.

Dungeon Overview and Level Annotations

Branches:
Dungeon (3/15)

Altars:

Shops:
D:1 (


Innate Abilities, Weirdness & Mutations

You are a tree.
Your roots penetrate the ground, keeping you stationary.
You cannot be teleported.
You are immune to unholy pain and torment.
Your maximum health is greatly increased.
You cannot wear most types of armour.
((You are amphibious.))
You can wear up to eight rings at the same time.
((Your skin changes colour to match your surroundings (Stealth+).))
((Your rubbery body absorbs attacks. (AC +1, EV +1)))
((You are camouflaged when in or above water. (Stealth+)))
((You have tentacles for arms and can constrict up to eight enemies at once.))


Message History

The orc wizard shouts!
The orc shouts!
The orc closely misses you.
You barely miss the orc wizard. You grab the orc wizard.
You tentacle-slap the orc wizard.
The orc wizard is lightly wounded.
You constrict the orc wizard. The orc hits you but does no damage.
The orc closely misses you. The orc barely misses you.
The orc wizard casts a spell at you. The magic dart hits you!
You tentacle-slap the orc wizard.
The orc wizard is heavily wounded.
You constrict the orc wizard.
A hobgoblin comes into view.
The orc barely misses you. The orc hits you with a +0 hand axe.
The orc hits you with a +0 flail! The orc wizard closely misses you.
Unknown command.
The hobgoblin shouts!
You bludgeon the orc wizard!
You kill the orc wizard!
You hear a shout!
You have reached level 6!
You tentacle-slap the orc but do no damage.
You grab the orc.
The orc is lightly wounded.
You constrict the orc. The orc barely misses you.
The orc hits you with a +0 hand axe.
* * * LOW HITPOINT WARNING * * *
The orc closely misses you.
You bludgeon the orc!
You kill the orc!
The orc barely misses you. The orc hits you with a +0 mace!
* * * LOW HITPOINT WARNING * * *
Unknown command.
Your transformation has ended.
You turn into a tree.
Your roots penetrate the ground.
The orc hits you but does no damage. The orc hits you with a +0 hand axe.
* * * LOW HITPOINT WARNING * * *
Unknown command.
You closely miss the orc. The orc hits you with a +0 hand axe.
You die...

#. #. #. ##
#.#.##
#....##
##.....#.#.
#..........
#)♣g..#
#.oo.##
#.#.## #.
.# #. .# #.
.# #. .# #.
.#


You could see 2 orcs and a hobgoblin.

Vanquished Creatures
  Sigmund (D:2)
  An orc wizard (D:3)
  An adder (D:2)
  A ribbon worm (D:2)
  An orc (D:3)
  4 endoplasms
  4 giant cockroaches
  3 goblins (D:1)
  10 hobgoblins
  10 jackals
  A quokka (D:1)
  2 ball pythons (D:1)
  3 bats
  A frilled lizard (D:1)
  7 kobolds
  2 rats (D:2)
52 creatures vanquished.

Notes
Turn   | Place    | Note
-------+----------+-------------------------------------------
     0 | D:1      | Biggs the Octopode Shapeshifter began the quest for the
                  | Orb.
     0 | D:1      | Reached XP level 1. HP: 13/13 MP: 1/1
   165 | D:1      | Reached XP level 2. HP: 18/18 MP: 2/2
   300 | D:1      | Reached XP level 3. HP: 20/23 MP: 3/3
   320 | D:1      | Found Ituuz's Weapon Boutique.
   335 | D:1      | Reached skill level 4 in Shapeshifting
   559 | D:1      | Found a faded altar of an unknown god.
   793 | D:2      | Noticed Sigmund
   799 | D:2      | Killed Sigmund
   800 | D:2      | Reached skill level 5 in Shapeshifting
   800 | D:2      | Reached XP level 4. HP: 26/28 MP: 4/4
   800 | D:2      | Reached XP level 5. HP: 31/33 MP: 5/5
  1197 | D:2      | Reached skill level 6 in Shapeshifting
  1609 | D:3      | Reached XP level 6. HP: 14/38 MP: 6/6
  1611 | D:3      | HP: 1/57 [orc/+0 hand axe (3)]
  1612 | D:3      | Slain by an orc

Illustrated notes

Levels and vault maps discovered:
D:1:      spicycebolla_arrival_clurvy, layout_basic,
          shapermc_ecumenical_altar_pompeii, serial_shops, shop
D:2:      layout_loops_ring, uniq_sigmund
D:3:      layout_loops_ring, mainiacjoe_overflow_boulevard,
          nicolae_ru_great_annihilating_truth, elyvilon_altar_3,
          lemuel_tele_altar, serial_shops, nicolae_shop_back_alley_shop

Skill      XL: |  1  2  3  4  5 |
---------------+----------------+-----
Shapeshifting  | 5 6 |  6.2
Fighting       | |  1.0
Dodging        | |  2.0
Unarmed Combat | |  3.0

Action                     |  1- 3 |  4- 6 || total
---------------------------+-------+-------++-------
  Melee: Unarmed           |    55 |    36 ||    91
         Constrict         |    17 |     9 ||    26
         Tentacles         |    14 |     5 ||    19
         Punch             |       |     2 ||     2
    Use: Potion            |       |     1 ||     1
   Stab: Sleeping          |     6 |     4 ||    10
 Armour: Skin              |    14 |    24 ||    38
  Dodge: Dodged            |    41 |    16 ||    57

Table legend: (Time is in decaauts)
 A = Elapsed time spent in this place.
 B = Non-inter-level travel time spent in this place.
 C = Inter-level travel time spent in this place.
 D = Time resting spent in this place.
 E = Time spent auto-exploring this place.
 F = Levels seen in this place.
 G = Mean time per level.
                   A        B        C        D        E       F      G
               +--------+--------+--------+--------+--------+-----+--------+
         Total |   1606 |   1565 |     41 |      0 |   1277 |   3 |  535.3 |
       Dungeon |   1606 |   1565 |     41 |      0 |   1277 |   3 |  535.3 |
               +--------+--------+--------+--------+--------+-----+--------+

Top non-repeatable levels by time:
     D:2: 832 daAuts
     D:1: 767 daAuts
     D:3: 7 daAuts
